 Dungeon Crawl Stone Soup version 0.26.1-2-gb8aa6d0cf2 (webtiles) character file.

Game seed: 7081444547937898036

100125 McKennaii the Sorcerer (level 15, -5/75 HPs)
             Began as a Deep Elf Conjurer on Feb 17, 2021.
             Was a High Priest of Vehumet.
             Slain by a troll (10 damage)
             ... on level 2 of the Orcish Mines.
             The game lasted 01:18:44 (31879 turns).

McKennaii the Sorcerer (Deep Elf Conjurer)         Turns: 31879, Time: 01:18:44

Health: -5/75      AC:  7    Str:  4    XL:     15   Next: 79%
Magic:  42/42      EV: 16    Int: 37    God:    Vehumet [*****.]
Gold:   1665       SH:  0    Dex: 13    Spells: 22/57 levels left

rFire    + . .     SeeInvis .   l - staff of cold
rCold    + . .     Faith    .   (no shield)
rNeg     . . .     Spirit   .   s - +2 robe {rF+}
rPois    .         Reflect  .   e - +0 helmet
rElec    .         Harm     .   j - +0 cloak
rCorr    .         Rampage  .   m - +0 pair of gloves
Will     ++...                  (no boots)
Stlth    ++++......             N - amulet of magic regeneration
HPRegen  0.22/turn              a - ring "Bonetzerch" {Int+7 Stlth+}
MPRegen  0.53/turn              B - ring of willpower

@: no status effects
A: no striking features
a: Renounce Religion


You were on level 2 of the Orcish Mines.
You worshipped Vehumet.
Vehumet was extremely pleased with you.
You visited 4 branches of the dungeon, and saw 24 of its levels.

You collected 2205 gold pieces.
You spent 540 gold pieces at shops.

Inventory:

Armour
 e - a +0 helmet (worn)
 j - a +0 cloak (worn)
 m - a +0 pair of gloves (worn)
 s - a +2 robe of fire resistance (worn)
 v - a +2 buckler
 M - the +8 chain mail of Experimentation {+Inv rN+}
   (You found it on level 8 of the Dungeon)

   It protects you from negative energy.
   It lets you turn invisible.
Magical Staves
 l - an uncursed staff of cold (weapon)
Jewellery
 a - the ring "Bonetzerch" (left hand) {Int+7 Stlth+}
   (You found it on level 7 of the Dungeon)

   [ring of stealth]

   It affects your intelligence (+7).
   It makes you more stealthy.
 c - an uncursed ring of positive energy
 q - an uncursed ring of ice
 u - a +6 ring of dexterity
 B - a ring of willpower (right hand)
 N - an amulet of magic regeneration (around neck)
Wands
 t - a wand of polymorph (5)
 w - a wand of random effects (22)
 y - a wand of enslavement (13)
 C - a wand of paralysis (10)
 E - a wand of acid (10)
 O - a wand of iceblast (33)
Scrolls
 d - 2 scrolls of immolation
 f - 7 scrolls of enchant weapon
 g - 2 scrolls of identify
 i - 11 scrolls of teleportation
 k - 11 scrolls of remove curse
 n - 6 scrolls of amnesia
 x - 8 scrolls of magic mapping
 A - 3 scrolls of enchant armour
 F - a scroll of fog
 I - 5 scrolls of fear
 P - 2 scrolls of blinking
 Q - 2 scrolls of vulnerability {unknown}
 S - a scroll of holy word
 T - 4 scrolls of noise {unknown}
 V - a scroll of acquirement {unknown}
Potions
 b - 2 potions of attraction
 h - 3 potions of haste
 o - 5 potions of flight
 p - 11 potions of brilliance
 r - 4 potions of lignification
 z - a potion of invisibility
 D - 10 potions of curing
 G - a potion of might
 H - 2 potions of berserk rage
 J - 2 potions of resistance
 K - a potion of magic
 L - 3 potions of mutation {unknown}
 R - 3 potions of heal wounds
 U - 9 potions of ambrosia {unknown}


   Skills:
 + Level 1.8 Fighting
 * Level 7.4 Dodging
 + Level 4.4 Stealth
 * Level 21.8 Spellcasting
 * Level 19.5 Conjurations
 + Level 1.3 Hexes
 * Level 4.1 Summonings
 + Level 7.4 Translocations
 + Level 4.1 Air Magic
 + Level 0.5 Evocations


You had 22 spell levels left.
You knew the following spells:

 Your Spells              Type           Power        Failure   Level
a - Magic Dart            Conj           100%         0%          1
b - Fulminant Prism       Conj/Hex       43%          1%          4
c - Iskenderun's Mystic   Conj/Tloc      96%          1%          4
d - Shadow Creatures      Summ           N/A          19%         6
e - Ozocubu's Armour      Ice            57%          1%          3
f - Lightning Bolt        Conj/Air       45%          1%          5
g - Orb of Destruction    Conj           55%          1%          7
h - Irradiate             Conj/Tmut      42%          1%          5

Your spell library contained the following spells:

 Spells                   Type           Power        Failure   Level
 Shock                    Conj/Air       100%         0%          1
 Searing Ray              Conj           100%         0%          2
 Animate Skeleton         Necr           80%          1%          1
 Apportation              Tloc           100%         1%          1
 Corona                   Hex            55%          1%          1
 Freeze                   Ice            100%         1%          1
 Sandblast                Erth           80%          1%          1
 Summon Small Mammal      Summ           100%         1%          1
 Ensorcelled Hibernation  Hex/Ice        100%         1%          2
 Passwall                 Tmut/Erth      33%          1%          2
 Slow                     Hex            50%          1%          2
 Confusing Touch          Hex            50%          1%          3
 Dazzling Flash           Conj/Hex       100%         1%          3
 Frozen Ramparts          Ice            100%         1%          3
 Gell's Gravitas          Tloc           38%          1%          3
 Ignite Poison            Fire/Tmut/Pois 40%          1%          3
 Inner Flame              Hex/Fire       45%          1%          3
 Portal Projectile        Hex/Tloc       100%         1%          3
 Stone Arrow              Conj/Erth      100%         1%          3
 Hailstorm                Conj/Ice       100%         1%          4
 Fireball                 Conj/Fire      42%          1%          5
 Starburst                Conj/Fire      42%          1%          6
 Summon Ice Beast         Ice/Summ       70%          2%          4
 Cause Fear               Hex            25%          3%          4
 Leda's Liquefaction      Hex/Erth       22%          4%          4
 Yara's Violent Unravell  Hex/Tmut       22%          4%          5
 Lee's Rapid Deconstruct  Erth           20%          5%          5
 Petrify                  Tmut/Erth      40%          6%          4
 Silence                  Hex/Air        28%          6%          5
 Metabolic Englaciation   Hex/Ice        30%          14%         5
 Borgnjor's Vile Clutch   Necr/Erth      20%          19%         5
 Ignition                 Fire           20%          100%        8


Dungeon Overview and Level Annotations

Branches:
Dungeon (15/15)            Temple (1/1) D:4            Lair (6/6) D:10
  Swamp (0/4) Lair:3       Spider (0/4) Lair:3        Slime (0/5) Lair:5
    Orc (2/2) D:12            Elf (0/3) Orc:2        Vaults (0/5) D:13
 Depths (0/5) D:15

Altars:
Ashenzari
Cheibriados
Dithmenos
Fedhas
Gozag
Hepliaklqana
Kikubaaqudgha
Makhleb
Nemelex Xobeh
Okawaru
Ru
Trog
Uskayaw
Vehumet
Wu Jian
Xom
Yredelemnul
Zin
The Shining One
Jiyva

Shops:
D:5 (   D:9 =:((!   D:14 *   Orc:2 (

Annotations:
D:12 3 runed translucent doors, CryoSword's ghost, journeyman TeAE


Message History

You climb downwards.
Welcome back to the Orcish Mines!
There is a staircase back to the Dungeon, spattered with blood here.
Things that are here:
a +0 robe; a +0 dagger
Items here: )))) [[[.
Things that are here:
a +0 leather armour; a +0 hand axe of electrocution; a +0 club You see here a +0 giant club.
There is a stone staircase leading down here.
You climb downwards.
An orc and an orc warrior come into view.
The troll misses you. The troll claws you. The troll claws you!
The orc warrior misses you. The warg barely misses you.
The orc warlord hits you with a +0 great mace!
The troll bites you!! The troll completely misses you. The troll claws you!
* * * LOW HITPOINT WARNING * * *
The troll misses you. The troll claws you!
* * * LOW HITPOINT WARNING * * *
The troll misses you. The troll bites you!
You die...

)..#...........
.[.............
..[...........#
...o.o....P....
..[.o[$)...∩P..
....)..[...PP..
.....[hTo$....#
.....)[@To.....
..>..[o)T......
.....o....÷....
......o.÷......
...o...........
...............
......o#.......
......# .......


You could see an orc warlord, an orc high priest, 3 trolls, a warg, 5 orc
warriors and 3 orcs.

Vanquished Creatures
  Nessos (D:12)
  Josephine (D:10)
  A yaktaur captain (D:15)
  Fannar (D:10)
  2 ice dragons
  Harold (D:10)
  A merfolk avatar (Lair:6)
  A catoblepas (Lair:4)
  3 boulder beetles
  4 hydras
  3 centaur warriors
  Erica (D:11)
  4 two-headed ogres
  9 death yaks (Lair:6)
  6 tengu warriors
  Nergalle (Lair:3)
  Sonja (D:10)
  3 sea snakes (Lair:6)
  6 unseen horrors
  2 bog bodies (Lair:3)
  A lindwurm (shapeshifter) (D:13)
  An oklob plant (Lair:1)
  2 harpies (Lair:6)
  A phantasmal warrior (D:13)
  2 deep elf magi
  22 ugly things
  3 manticores
  A cyclops (shapeshifter) (D:14)
  An orc sorcerer (Orc:2)
  5 cyclopes
  8 elephants
  3 centaur zombies
  5 black mambas
  Psyche (D:8)
  A torpor snail (Lair:5)
  17 cane toads
  2 kobold demonologists (D:7)
  Maggie (D:6)
  10 rime drakes
  2 centaur skeletons
  An efreet (D:13)
  15 komodo dragons
  A yaktaur (D:15)
  2 tengu conjurers (D:15)
  5 trolls
  A queen bee (Lair:1)
  A jumping spider (Lair:3)
  3 hornets
  6 polar bears
  A wind drake (Lair:6)
  Grinder (D:6)
  7 dream sheep (Lair:6)
  18 blink frogs
  A raiju (shapeshifter) (D:13)
  8 slime creatures
  A shadow (D:15)
  A redback (Lair:3)
  3 spriggans (Lair:3)
  6 wyverns
  A vampire (D:12)
  6 wraiths
  Grum (D:8)
  8 basilisks
  38 yaks
  Eustachio (D:4)
  3 vampire mosquitoes (D:12)
  4 wargs
  A soldier ant (shapeshifter) (D:14)
  A soldier ant (D:12)
  16 water moccasins
  5 sky beasts
  4 ice beasts
  3 eyes of draining
  10 orc warriors
  4 phantoms
  8 ogres
  A black bear (D:7)
  2 necrophages
  7 wolves
  7 centaurs
  5 big kobolds
  Blork the orc (D:4)
  16 bullfrogs
  A wyvern skeleton (D:13)
  2 scorpions
  34 killer bees
  5 wights (D:15)
  4 electric eels (Lair:1)
  6 jellies (D:8)
  2 howler monkeys
  A quasit (D:14)
  5 hounds
  19 orc wizards
  9 orc priests
  Crazy Yiuf (D:4)
  2 gnoll shamans
  A bullfrog skeleton (D:8)
  Jessica (D:3)
  Ijyb (D:5)
  5 iguanas
  Natasha (thrice) (D:2)
  6 hell rats (Lair:1)
  9 worker ants
  3 hound skeletons
  A worker ant zombie (D:10)
  Robin (D:4)
  17 gnolls
  12 adders
  2 shadow imps
  3 white imps
  3 ufetubi
  11 oozes
  2 adder zombies (D:5)
  A worm (D:2)
  A dart slug (D:3)
  8 leopard geckos
  73 orcs
  2 giant cockroaches
  47 goblins
  28 hobgoblins
  14 jackals
  19 kobolds
  5 quokkas
  3 ball pythons
  8 bats
  2 frilled lizards (D:1)
  A giant cockroach zombie (D:5)
  7 rats
  2 rat zombies (D:2)
769 creatures vanquished.

Vanquished Creatures (others)
  22 fulminant prisms
  77 fungi
  140 plants
239 creatures vanquished.

Grand Total: 1008 creatures vanquished

Notes
Turn   | Place    | Note
-------+----------+-------------------------------------------
     0 | D:1      | McKennaii the Deep Elf Conjurer began the quest for the
                  | Orb.
     0 | D:1      | Reached XP level 1. HP: 10/10 MP: 6/6
   220 | D:1      | Reached XP level 2. HP: 15/15 MP: 6/8
   353 | D:1      | Reached skill level 5 in Conjurations
   714 | D:1      | Reached XP level 3. HP: 19/19 MP: 2/10
  1174 | D:2      | Noticed Natasha
  1177 | D:2      | Killed Natasha
  1221 | D:2      | Reached skill level 4 in Spellcasting
  1221 | D:2      | Reached XP level 4. HP: 24/24 MP: 7/12
  1291 | D:2      | Learned a level 4 spell: Fulminant Prism
  1296 | D:2      | Learned a level 4 spell: Iskenderun's Mystic Blast
  1461 | D:2      | Noticed Natasha
  1467 | D:2      | Killed Natasha
  1567 | D:2      | Found a glowing golden altar of the Shining One.
  1584 | D:2      | Noticed Natasha
  1587 | D:2      | Killed Natasha
  1754 | D:2      | Found an ancient bone altar of Kikubaaqudgha.
  1820 | D:2      | Reached XP level 5. HP: 28/28 MP: 9/13
  2070 | D:3      | Found a snail-covered altar of Cheibriados.
  2321 | D:3      | Found a blossoming altar of Fedhas.
  2589 | D:3      | Noticed Jessica
  2595 | D:3      | Killed Jessica
  2854 | D:4      | Reached skill level 5 in Spellcasting
  2862 | D:4      | Reached XP level 6. HP: 32/32 MP: 5/15
  2993 | D:4      | Noticed Robin
  3003 | D:4      | Killed Robin
  3259 | D:4      | Noticed Eustachio
  3409 | D:4      | Found a sacrificial altar of Ru.
  3800 | D:4      | Killed Eustachio
  3801 | D:4      | Reached skill level 6 in Spellcasting
  3801 | D:4      | Reached XP level 7. HP: 36/36 MP: 4/18
  4004 | D:4      | Found a staircase to the Ecumenical Temple.
  4010 | Temple   | Entered the Ecumenical Temple
  4051 | Temple   | Became a worshipper of Vehumet
  4275 | D:4      | Noticed Blork the orc
  4284 | D:4      | Killed Blork the orc
  4820 | D:4      | Reached * piety under Vehumet
  4820 | D:4      | Offered knowledge of Shock by Vehumet.
  4844 | D:4      | Learned a level 1 spell: Shock
  4863 | D:4      | Reached skill level 7 in Spellcasting
  5130 | D:4      | Reached skill level 8 in Spellcasting
  5251 | D:4      | Reached XP level 8. HP: 41/41 MP: 8/22
  5475 | D:4      | Found a runed translucent door.
  5476 | D:4      | Noticed Crazy Yiuf
  5505 | D:4      | Reached skill level 1 in Air Magic
  5676 | D:4      | Killed Crazy Yiuf
  5811 | D:5      | Entered Level 5 of the Dungeon
  5840 | D:5      | Reached ** piety under Vehumet
  5840 | D:5      | Offered knowledge of Sandblast by Vehumet.
  6253 | D:5      | Reached skill level 9 in Spellcasting
  6984 | D:5      | Noticed Ijyb
  7003 | D:5      | Killed Ijyb
  7188 | D:5      | Found a sparkling altar of Nemelex Xobeh.
  7406 | D:5      | Reached skill level 10 in Spellcasting
  7527 | D:5      | Found Kiewuic's Antique Weapon Shop.
  7580 | D:6      | Noticed Grinder
  7588 | D:6      | Killed Grinder
  7589 | D:6      | Reached skill level 10 in Conjurations
  7826 | D:6      | Noticed Maggie
  7836 | D:6      | HP: 2/42 [Maggie/bolt of fire (19)]
  7846 | D:6      | Killed Maggie
  7847 | D:6      | Reached XP level 9. HP: 16/46 MP: 1/25
  8610 | D:7      | Got a bloodstained robe
  8624 | D:7      | Identified the +1 robe of Fietropi {rC+} (You found it on
                  | level 7 of the Dungeon)
  8680 | D:7      | Noticed a kobold demonologist
  8681 | D:7      | Noticed a kobold demonologist
  8691 | D:7      | Noticed a smoke demon
  8823 | D:7      | Killed a kobold demonologist
  8824 | D:7      | Reached skill level 11 in Spellcasting
  8897 | D:7      | Learned a level 3 spell: Ozocubu's Armour
  8969 | D:7      | Killed a kobold demonologist
  9241 | D:7      | Offered knowledge of Inner Flame by Vehumet.
  9744 | D:7      | Got a vibrating amber ring
  9935 | D:8      | Reached skill level 1 in Hexes
 10077 | D:8      | Identified the ring "Bonetzerch" {Int+7 Stlth+} (You found
                  | it on level 7 of the Dungeon)
 10114 | D:8      | Reached skill level 12 in Spellcasting
 10152 | D:8      | Reached *** piety under Vehumet
 10478 | D:8      | Noticed Psyche
 10483 | D:8      | Killed Psyche
 10484 | D:8      | Reached XP level 10. HP: 51/51 MP: 14/28
 10787 | D:8      | Offered knowledge of Static Discharge by Vehumet.
 11014 | D:8      | Found a glowing silver altar of Zin.
 11018 | D:8      | Found an iron altar of Okawaru.
 11022 | D:8      | Found a bloodstained altar of Trog.
 11235 | D:8      | Noticed Grum
 11240 | D:8      | Killed Grum
 11457 | D:8      | Got a crude chain mail
 11646 | D:8      | Identified the +8 chain mail of Experimentation {+Inv rN+}
                  | (You found it on level 8 of the Dungeon)
 11759 | D:9      | Noticed a two-headed ogre
 11769 | D:9      | Killed a two-headed ogre
 11770 | D:9      | Reached skill level 13 in Spellcasting
 11770 | D:9      | Reached skill level 1 in Translocations
 12040 | D:9      | Found Neas's Jewellery Shop.
 12051 | D:9      | Bought an uncursed amulet of magic regeneration for 390
                  | gold pieces
 12116 | D:9      | Reached **** piety under Vehumet
 12412 | D:9      | Offered knowledge of Lightning Bolt by Vehumet.
 12594 | D:9      | Learned a level 5 spell: Lightning Bolt
 12703 | D:9      | Found Vyleankol's Book Boutique.
 12851 | D:9      | Found Hueluymp's Weapon Boutique.
 12970 | D:9      | Found Zueris's Weapon Shop.
 13306 | D:9      | Found Miuzxer's Distillery.
 13315 | D:9      | Bought a potion of curing for 45 gold pieces
 13315 | D:9      | Bought a potion of curing for 45 gold pieces
 13315 | D:9      | Bought a potion of brilliance for 60 gold pieces
 13413 | D:10     | Entered Level 10 of the Dungeon
 13422 | D:10     | Noticed a two-headed ogre
 13430 | D:10     | Killed an unseen horror
 13431 | D:10     | Reached skill level 1 in Fighting
 13436 | D:10     | Killed a two-headed ogre
 13437 | D:10     | Reached skill level 14 in Spellcasting
 13437 | D:10     | Reached XP level 11. HP: 30/56 MP: 5/31
 13596 | D:10     | Noticed Fannar
 13682 | D:10     | Noticed Josephine
 13864 | D:10     | Noticed Sonja
 14038 | D:10     | Identified the +10 broad axe "Tioqupis" {freeze, *Corrode
                  | rElec rC- Dex+8}
 14038 | D:10     | Noticed Harold
 14038 | D:10     | Noticed an ice dragon
 14064 | D:10     | Noticed a two-headed ogre
 14076 | D:10     | Killed Sonja
 14333 | D:10     | Killed Fannar
 14404 | D:10     | Killed a two-headed ogre
 14405 | D:10     | Reached skill level 15 in Spellcasting
 14547 | D:10     | Reached ***** piety under Vehumet
 14649 | D:10     | Killed an ice dragon
 14719 | D:10     | Killed Harold
 14921 | D:10     | Killed Josephine
 14921 | D:10     | Offered knowledge of Orb of Destruction by Vehumet.
 14932 | D:10     | Learned a level 7 spell: Orb of Destruction
 15197 | D:10     | Found a staircase to the Lair.
 15211 | D:10     | Reached XP level 12. HP: 60/60 MP: 23/33
 15381 | D:11     | Noticed Erica
 15385 | D:11     | Killed Erica
 15386 | D:11     | Reached skill level 16 in Spellcasting
 15571 | D:11     | Reached skill level 15 in Conjurations
 15826 | D:11     | Got a tattered robe
 15837 | D:11     | Identified the +2 robe of Diedghom {-Cast rPois Will+
                  | Dex+6} (You found it on level 11 of the Dungeon)
 16485 | D:12     | Noticed Nessos
 16487 | D:12     | Killed Nessos
 16527 | D:11     | HP: 3/60 [poisoned by Nessos]
 17005 | D:12     | Found a staircase to the Orcish Mines.
 17051 | D:12     | Noticed a two-headed ogre
 17056 | D:12     | Killed a two-headed ogre
 17057 | D:12     | Reached skill level 17 in Spellcasting
 17821 | D:12     | Found a runed translucent gate.
 17821 | D:12     | Found a runed translucent gate.
 18541 | D:12     | Found a runed translucent gate.
 18541 | D:12     | Noticed CryoSword's ghost (journeyman TeAE)
 18541 | D:12     | Noticed a death ooze
 18544 | D:12     | Found a viscous altar of Jiyva.
 18864 | Lair:1   | Entered Level 1 of the Lair of Beasts
 18933 | Lair:1   | You fall into a shaft and drop 1 floor!
 19388 | Lair:2   | Reached XP level 13. HP: 64/64 MP: 17/36
 20406 | Lair:1   | Reached skill level 18 in Spellcasting
 21263 | Lair:3   | Noticed Nergalle
 21269 | Lair:3   | Killed Nergalle
 21270 | Lair:3   | Reached skill level 5 in Translocations
 21311 | Lair:2   | Offered knowledge of Olgreb's Toxic Radiance by Vehumet.
 21799 | Lair:3   | Found a staircase to the Swamp.
 21931 | Lair:3   | Reached skill level 19 in Spellcasting
 22046 | Lair:3   | Found a hole to the Spider Nest.
 22908 | Lair:4   | Reached XP level 14. HP: 70/70 MP: 31/39
 23480 | Lair:5   | Found a staircase to the Slime Pits.
 23480 | Lair:5   | Found a viscous altar of Jiyva.
 24365 | Lair:6   | Entered Level 6 of the Lair of Beasts
 24382 | Lair:6   | Offered knowledge of Ozocubu's Refrigeration by Vehumet.
 25000 | Lair:6   | Reached skill level 5 in Dodging
 25213 | Lair:6   | Reached skill level 20 in Spellcasting
 26554 | Lair:6   | Learned a level 6 spell: Shadow Creatures
 27046 | Orc:1    | Entered Level 1 of the Orcish Mines
 27303 | Orc:2    | Entered Level 2 of the Orcish Mines
 27303 | Orc:2    | Found a staircase to the Elven Halls.
 27303 | Orc:2    | Found Jaitheta's Antique Weapon Shop.
 27303 | Orc:2    | Noticed an orc warlord
 27310 | Orc:2    | Offered knowledge of Lee's Rapid Deconstruction by Vehumet.
 28728 | D:13     | Reached skill level 1 in Summonings
 28728 | D:13     | Reached XP level 15. HP: 75/75 MP: 32/41
 29002 | D:13     | Found a gate to the Vaults.
 29333 | D:14     | Reached skill level 21 in Spellcasting
 29902 | D:14     | Found a sacrificial altar of Ru.
 30338 | D:14     | Found Bynaot's General Store.
 30608 | D:15     | Entered Level 15 of the Dungeon
 30620 | D:15     | Offered knowledge of Irradiate by Vehumet.
 30627 | D:15     | Learned a level 5 spell: Irradiate
 31697 | D:15     | Found a staircase to the Depths.
 31879 | Orc:2    | Slain by a troll

Illustrated notes

Levels and vault maps discovered:
D:1:      dpeg_chamrin_arrival_tetris, layout_basic, minmay_misc_feat_five
D:2:      layout_basic, lemuel_zombie_altar_kikubaaqudgha, lemuel_doored_altar,
          uniq_natasha
D:3:      layout_basic, kennysheep_slug_shrine, kennysheep_path_1,
          serial_bayou_pond_a, fedhas_altar_1, uniq_jessica
D:4:      minmay_goblin_kobold_castle, layout_rooms, lemuel_crystal_altar,
          temple_green, minmay_crystal_room, uniq_robin, uniq_blork_the_orc,
          uniq_crazy_yiuf_cottage, uniq_eustachio
D:5:      layout_cave_pods, lemuel_coloured_pillars_altar, serial_shops, shop,
          uniq_ijyb
D:6:      layout_loops_ring, uniq_grinder, uniq_maggie
D:7:      layout_loops_cross
D:8:      lemuel_slime, layout_loops_ring, grunt_temple_overflow_diamond,
          uniq_grum, uniq_psyche
D:9:      layout_basic, serial_shops, nicolae_shop_waterfront,
          kennysheep_little_box, nicolae_shop_trees, shop,
          nicolae_shop_behind_doors
D:10:     minmay_coctagon, layout_basic, david_lair_shrubbed,
          grunt_ministairs_3, amcnicky_mini_corridor_feature, uniq_fannar,
          uniq_sonja, uniq_harold, uniq_josephine
D:11:     layout_small_grid, uniq_erica
D:12:     layout_layer_cave, david_orc_2, gammafunk_ghost_ooze, uniq_nessos
D:13:     layout_cave_pods, david_vaults_4, chequers_jeans
D:14:     layout_roguey, serial_shops, shop, nicolae_ru_path_of_blood
D:15:     grunt_enter_depths_snipers, layout_rooms
Temple:   nicolae_temple_great_sept
Lair:1:   layout_roguey, special_room [special_room_bee],
          grunt_forest_stairs_basic, lemuel_fruit_tree,
          minmay_lair_oklob_chamber, serial_bayou_shore_a
Lair:2:   layout_roguey, lemuel_old_faithful
Lair:3:   layout_cave_shapes, skrybe_swamp_entry_bodies, spider_nest_entry_a,
          wad_woods_02, uniq_nergalle
Lair:4:   layout_big_grid, cheibrodos_lair_caveside_slide, beast_lair_carwin_2,
          grunt_megastairs_1, lemuel_fruit_fields
Lair:5:   layout_roguey, slime_altar_1, minivault_23
Lair:6:   gammafunk_lair_ancient_temple, layout_concentric_octagons
Orc:1:    layout_caves, serial_shops, nicolae_shop_stone
Orc:2:    st_orc_mages, layout_caves, serial_shops,
          nicolae_shop_overgrown_old_shop

Skill      XL: |  1  2  3  4  5  6  7  8  9 10 11 12 13 14 15 |
---------------+----------------------------------------------+-----
Conjurations   | 5 6 7 8 10 12 13 14 16 17 18 19 | 19.5
Spellcasting   | 4 5 6 8 10 12 14 15 17 19 20 21 | 21.8
Dodging        | 3 4 6 7 |  7.4
Air Magic      | 1 2 3 4 |  4.1
Stealth        | 3 4 |  4.4
Hexes          | 1 |  1.3
Translocations | 1 3 4 5 7 |  7.4
Fighting       | 1 |  1.8
Summonings     | 1 4 |  4.1
Evocations     | |  0.5

Action                   |  1- 3 |  4- 6 |  7- 9 | 10-12 | 13-15 || total
-------------------------+-------+-------+-------+-------+-------++-------
Melee: Unarmed           |    10 |       |     4 |    19 |       ||    33
       Staff             |       |       |       |     1 |     3 ||     4
 Cast: Magic Dart        |    63 |   171 |   387 |   535 |   644 ||  1800
       Shock             |       |       |    73 |     2 |       ||    75
       Iskenderun's Myst |       |       |    12 |   150 |   321 ||   483
       Fulminant Prism   |       |       |    10 |     8 |     4 ||    22
       Lightning Bolt    |       |       |       |    32 |   123 ||   155
       Orb of Destructio |       |       |       |    16 |    28 ||    44
Evoke: Wand              |       |       |     9 |     1 |     1 ||    11
  Use: Scroll            |       |     5 |     8 |     7 |    12 ||    32
       Potion            |       |       |     1 |     3 |     1 ||     5
Armor: Robe              |     7 |    15 |    25 |    27 |    20 ||    94
Dodge: Dodged            |    17 |    24 |    66 |    97 |   104 ||   308
